 Dungeon Sprint DCSS version 0.23.0-3-gf3c87f2 (webtiles) character file.

Game seed: 17062860916100059602

9 nuthulu the Shield-Bearer (level 2, -6/29 HPs)
             Began as a Gnoll Fighter on Feb 24, 2019.
             Splashed by an oklob sapling's acid (7 damage)
             ... in the Dungeon (Sprint IV: "Fedhas' Mad Dash").
             The game lasted 00:00:12 (47 turns).

nuthulu the Shield-Bearer (Gnoll Fighter)             Turns: 47, Time: 00:00:14

Health: -6/29      AC:  3    Str: 18    XL:     2   Next: 16%
Magic:  3/3        EV:  8    Int: 10    God:
Gold:   0          SH: 10    Dex: 14    Spells: 3/3 levels left

rFire    . . .     SeeInvis .   a - +0 war axe
rCold    . . .     Gourm    .   c - +0 shield
rNeg     . . .     Faith    .   b - +0 scale mail
rPois    .         Spirit   .   (no helmet)
rElec    .         Reflect  .   (no cloak)
rCorr    .         Harm     .   (no gloves)
MR       .....     NoTele   +   (no boots)
Stlth    ..........             (no amulet)
HPRegen  0.09/turn              (no ring)
MPRegen  0.08/turn              (no ring)

@: corroded
A: distributed training, fangs 1, strong nose
a: no special abilities


You were in the Dungeon.
You were not hungry.

You visited 1 branch

Inventory:

Hand Weapons
 a - a +0 war axe (weapon)
Armour
 b - a +0 scale mail (worn)
 c - a +0 shield (worn)
Scrolls
 k - a scroll of blinking
Potions
 d - a potion of might
 e - a potion of curing
 g - a potion of heal wounds
 h - a potion of haste
 i - 2 potions of magic
 j - a potion of berserk rage
Comestibles
 f - a ration
 l - a chunk of flesh


   Skills:
 + Level 6.6 Fighting
 + Level 1.1 Short Blades
 + Level 1.1 Long Blades
 + Level 4.6 Axes
 + Level 1.1 Maces & Flails
 + Level 1.1 Polearms
 + Level 1.1 Staves
 + Level 1.1 Slings
 + Level 1.1 Bows
 + Level 1.1 Crossbows
 + Level 1.1 Throwing
 + Level 6.6 Armour
 + Level 1.1 Dodging
 + Level 1.1 Stealth
 + Level 6.6 Shields
 + Level 1.1 Unarmed Combat
 + Level 1.1 Spellcasting
 + Level 0.9 Conjurations
 + Level 0.9 Hexes
 + Level 0.9 Charms
 + Level 0.9 Summonings
 + Level 0.9 Necromancy
 + Level 0.9 Translocations
 + Level 0.9 Transmutations
 + Level 0.9 Fire Magic
 + Level 0.9 Ice Magic
 + Level 0.9 Air Magic
 + Level 0.9 Earth Magic
 + Level 0.9 Poison Magic
 + Level 1.2 Invocations
 + Level 1.1 Evocations


You had 3 spell levels left.
You didn't know any spells.
Your spell library was empty.

Dungeon Overview and Level Annotations

Branches:
Dungeon (1/1)

Altars:

Annotations:
D exclusion: oklob sapling


Innate Abilities, Weirdness & Mutations

Your experience applies equally to all skills.
You have very sharp teeth.
Your uncanny sense of smell can sniff out nearby items.


Message History

You hit the oklob sapling but do no damage.
You hit the oklob sapling but do no damage.
You hit the oklob sapling.
The oklob sapling is heavily damaged.
The oklob sapling spits acid at you. The splash of acid hits you.
The acid corrodes you!
You are splashed with acid!
Unknown command.
You hit the oklob sapling but do no damage.
The oklob sapling is heavily damaged.
Unknown command.
You hit the oklob sapling but do no damage.
The oklob sapling is heavily damaged.
Unknown command.
You hit the oklob sapling but do no damage.
The oklob sapling is heavily damaged.
The oklob sapling spits acid at you. The splash of acid hits you!
* * * LOW HITPOINT WARNING * * *
You are splashed with acid!
You die...

##################
#<..P#.....#.$$$$#
#PP..'.(...@.#∆∆
#PPPP#.÷...#P#∆
############## ∆ ∆
∆ ∆ ∆ ∆∆∆∆ ∆ ∆


You could see an oklob sapling.

Vanquished Creatures
  A river rat (D)
  A rat (D)
2 creatures vanquished.

Notes
Turn   | Place    | Note
-------+----------+-------------------------------------------
     0 | D        | nuthulu the Gnoll Fighter began the quest for the Orb.
     0 | D        | Reached XP level 1. HP: 23/23 MP: 1/1
     9 | D        | Reached skill level 1 in Short Blades
     9 | D        | Reached skill level 1 in Long Blades
     9 | D        | Reached skill level 1 in Maces & Flails
     9 | D        | Reached skill level 1 in Polearms
     9 | D        | Reached skill level 1 in Staves
     9 | D        | Reached skill level 1 in Slings
     9 | D        | Reached skill level 1 in Bows
     9 | D        | Reached skill level 1 in Crossbows
     9 | D        | Reached skill level 1 in Throwing
     9 | D        | Reached skill level 1 in Dodging
     9 | D        | Reached skill level 1 in Stealth
     9 | D        | Reached skill level 1 in Unarmed Combat
     9 | D        | Reached skill level 1 in Spellcasting
     9 | D        | Reached skill level 1 in Invocations
     9 | D        | Reached skill level 1 in Evocations
     9 | D        | Reached XP level 2. HP: 29/29 MP: 1/3
    40 | D        | Noticed an oklob sapling
    47 | D        | HP: 1/29 [oklob sapling/splash of acid (10)]
    47 | D        | Splashed by an oklob sapling's acid

Skill      XL: |  1 |
---------------+----+-----
Short Blades   | 1 |  1.1
Long Blades    | 1 |  1.1
Maces & Flails | 1 |  1.1
Polearms       | 1 |  1.1
Staves         | 1 |  1.1
Slings         | 1 |  1.1
Bows           | 1 |  1.1
Crossbows      | 1 |  1.1
Throwing       | 1 |  1.1
Dodging        | 1 |  1.1
Stealth        | 1 |  1.1
Unarmed Combat | 1 |  1.1
Spellcasting   | 1 |  1.1
Invocations    | 1 |  1.2
Evocations     | 1 |  1.1
Fighting       | |  6.6
Axes           | |  4.6
Armour         | |  6.6
Shields        | |  6.6
Conjurations   | |  0.9
Hexes          | |  0.9
Charms         | |  0.9
Summonings     | |  0.9
Necromancy     | |  0.9
Translocations | |  0.9
Transmutations | |  0.9
Fire Magic     | |  0.9
Ice Magic      | |  0.9
Air Magic      | |  0.9
Earth Magic    | |  0.9
Poison Magic   | |  0.9

Action                   || total
-------------------------++-------
Melee: War axe           ||    10
Armor: Scale mail        ||     1
Block: Shield            ||     4
